AoeStats
← BottleDry

African Clearing

505015784Analyzed
4v4 RM · 26d ago on Sep 7, 2026· 69m 56s· 8 players
Game mode
Random Map
Map size
Large (8 player)
Population
200
Speed
Normal
Resources
Standard
Victory
Conquest
Starting age
Dark Age
Ending age
Imperial Age
RankedLock teamsTeams togetherTeam positionsShared explorationLock speedFull tech treeHidden civsTurbo modeCheats
Victory
Defeat
🇵🇱 Italians · Poland
992
+16
🇨🇴 Persians · Colombia
968
+17
🇪🇸 Magyars · Spain
945
+18
🇩🇪 Franks · Germany
941
+18
🇺🇸 Spanish · United States
1089
-21
🇺🇸 Teutons · United States
1012
-18
🇺🇸 Mongols · United States
1006
-18
🇺🇸 Goths · United States
854
-12
Destiny
13:44 Feudal Age
20:09 Castle Age
37:10 Wheelbarrow
36:23 Town Watch
37:09 Pikeman
37:50 Squires
37:36 Arson
39:52 Double-Bit Axe
41:28 Forging
41:18 Scale Mail Armor
41:53 Bow Saw
43:21 Iron Casting
43:49 Husbandry
44:56 Scale Barding Armor
45:07 Chain Mail Armor
47:31 Hand Cart
50:39 Imperial Age
50:56 Fishing Lines
51:47 Chain Barding Armor
52:28 Blast Furnace
51:38 Cavalier
52:17 Halberdier
53:33 Gold Mining
55:37 Paladin
58:34 Conscription
58:35 #83
60:28 Elite Throwing Axeman
62:34 Gold Shaft Mining
61:50 Stone Mining
62:51 Plate Mail Armor
66:13 Plate Barding Armor
69:03 Hand Cart
mnich_bor
6:08 Loom
16:57 Feudal Age
17:04 Man-at-Arms
26:13 Castle Age
24:11 Stone Mining
24:54 Scale Mail Armor
25:35 Forging
26:23 Fletching
28:35 Bodkin Arrow
36:49 Double-Bit Axe
36:59 Horse Collar
43:11 Bow Saw
45:06 Padded Archer Armor
48:14 Imperial Age
46:08 Ballistics
48:20 Elite Genoese Crossbowman
49:26 Conscription
50:16 Bracer
50:31 Leather Archer Armor
51:35 Chemistry
51:25 Silk Road
59:31 Ring Archer Armor
Sakuneti Le-Preckson
12:04 Loom
13:55 Feudal Age
14:29 Double-Bit Axe
14:32 Loom
14:34 Horse Collar
16:33 Wheelbarrow
21:37 Castle Age
21:45 Fletching
22:29 Gold Mining
23:13 Heavy Plow
23:26 Bow Saw
23:59 Hand Cart
25:21 Bodkin Arrow
26:20 Gold Shaft Mining
28:06 Bloodlines
31:05 Padded Archer Armor
32:21 Thumb Ring
32:40 Leather Archer Armor
35:42 Imperial Age
33:04 Town Watch
33:46 Ballistics
33:57 Husbandry
35:52 Town Patrol
37:01 Bracer
38:48 Two-Man Saw
38:21 Crop Rotation
39:21 Stone Mining
40:27 Ring Archer Armor
41:02 Chemistry
39:49 Heavy Cavalry Archer
40:56 Parthian Tactics
42:06 Recurve Bow
42:27 Conscription
44:06 Scale Barding Armor
45:11 Chain Barding Armor
45:58 Corvinian Army
46:33 Hoardings
45:19 Elite Magyar Huszar
46:08 Murder Holes
47:07 Plate Barding Armor
47:09 Fervor
47:20 Sanctity
57:29 Siege Engineers
57:06 Treadmill Crane
57:36 Masonry
WololoJedi
8:09 Loom
11:24 Feudal Age
12:41 Wheelbarrow
14:46 Double-Bit Axe
15:09 Horse Collar
16:10 Forging
19:08 Fletching
23:51 Castle Age
22:02 Scale Barding Armor
22:15 Gold Mining
23:41 Stone Mining
24:40 Hand Cart
24:31 Heavy Plow
24:44 Bow Saw
26:49 Stone Shaft Mining
27:52 Light Cavalry
28:34 Husbandry
30:12 Gold Shaft Mining
30:11 Bodkin Arrow
36:38 Imperial Age
36:46 Town Watch
37:42 Heavy Camel Rider
39:54 Two-Man Saw
39:23 Chain Barding Armor
39:38 Iron Casting
39:04 Padded Archer Armor
39:05 Scale Mail Armor
41:10 Plate Barding Armor
42:35 Crop Rotation
42:43 Conscription
44:01 Hussar
44:51 Bloodlines
44:02 Cavalier
45:01 Chain Mail Armor
45:46 Blast Furnace
45:02 Leather Archer Armor
45:04 Pikeman
45:45 Squires
45:30 Arson
45:31 Gambesons
45:08 Man-at-Arms
46:36 Elite War Elephant
47:52 Hoardings
46:48 Sappers
47:19 Kamandaran
47:26 Elite Skirmisher
48:31 Parthian Tactics
48:12 Thumb Ring
47:27 Crossbowman
51:16 Plate Mail Armor
51:17 Ring Archer Armor
50:42 Savar
53:14 Citadels
54:10 Caravan
56:12 Coinage
55:53 Guilds
63:28 Halberdier
63:28 Long Swordsman
5WhiskeyTango
5:36 Loom
16:07 Feudal Age
16:47 Double-Bit Axe
20:55 Padded Archer Armor
29:30 Castle Age
27:50 Stone Mining
27:55 Fletching
30:53 Bow Saw
30:22 Light Cavalry
33:37 Scale Barding Armor
35:45 Leather Archer Armor
35:46 Horse Collar
37:06 Gold Mining
38:15 Bodkin Arrow
42:37 Wheelbarrow
44:13 Husbandry
44:24 Bloodlines
47:10 Imperial Age
46:44 Heavy Plow
48:06 Hand Cart
47:39 Town Watch
49:53 Elite Steppe Lancer
50:56 Siege Engineers
51:01 Fortified Wall
51:03 Thumb Ring
51:54 Forging
53:26 Gold Shaft Mining
53:27 Stone Shaft Mining
52:30 Elite Skirmisher
54:22 Iron Casting
54:27 Conscription
54:29 Drill
59:49 Elite Mangudai
61:39 Hussar
63:43 Parthian Tactics
66:13 Caravan
68:26 Capped Ram
68:29 Onager
68:30 Heavy Scorpion
RLF_jcat
5:32 Loom
16:54 Feudal Age
19:09 Fletching
20:05 Double-Bit Axe
26:53 Castle Age
25:08 Horse Collar
26:30 Stone Mining
28:23 Bodkin Arrow
28:43 Bow Saw
39:15 Wheelbarrow
39:42 Gold Mining
41:48 Pikeman
43:25 Scale Mail Armor
43:35 Forging
44:01 Elite Skirmisher
44:50 Heavy Plow
45:09 Padded Archer Armor
49:02 Imperial Age
47:13 Leather Archer Armor
47:35 Ballistics
47:34 Chain Mail Armor
47:54 Iron Casting
48:28 Masonry
48:37 Hand Cart
48:08 Town Watch
48:51 Squires
48:37 Arson
49:14 Halberdier
50:46 Stone Shaft Mining
51:21 Crop Rotation
50:55 Town Patrol
51:59 Two-Man Saw
53:27 Conscription
53:27 Crenellations
53:44 Hoardings
53:52 Ironclad
54:01 Heavy Scorpion
56:29 Ring Archer Armor
56:29 Plate Mail Armor
57:00 Blast Furnace
58:04 Siege Engineers
59:00 Chemistry
59:27 Onager
61:16 Siege Onager
Age_noob
7:48 Loom
14:27 Feudal Age
15:26 Double-Bit Axe
21:49 Castle Age
20:17 Gold Mining
22:27 Wheelbarrow
22:38 Stone Mining
23:02 Bow Saw
23:21 Town Watch
34:35 Hand Cart
38:26 Imperial Age
41:51 Conscription
41:40 Cavalier
42:22 Husbandry
42:53 Elite Skirmisher
43:37 Padded Archer Armor
43:28 Fletching
45:30 Leather Archer Armor
45:11 Bodkin Arrow
45:47 Forging
45:38 Scale Mail Armor
45:44 Scale Barding Armor
47:25 Onager
49:36 Town Patrol
49:28 Pikeman
51:46 Chemistry
51:14 Squires
50:45 Light Cavalry
51:36 Bloodlines
52:07 Iron Casting
51:47 Chain Mail Armor
51:33 Bracer
52:04 Ring Archer Armor
51:55 Chain Barding Armor
52:46 Hussar
55:14 Blast Furnace
56:54 Plate Barding Armor
56:17 Halberdier
60:13 Ring Archer Armor
60:14 Plate Mail Armor
60:18 Ring Archer Armor
BottleDry
6:37 Loom
16:27 Feudal Age
17:36 Double-Bit Axe
22:11 Castle Age
21:23 Fletching
22:10 Horse Collar
22:52 Bodkin Arrow
24:26 Heavy Plow
26:41 Wheelbarrow
26:42 Town Watch
27:26 Double-Bit Axe
29:37 Gold Mining
30:02 Padded Archer Armor
30:05 Scale Mail Armor
30:09 Squires
30:43 Stone Mining
32:08 Leather Archer Armor
31:55 Elite Skirmisher
34:29 Bow Saw
35:12 Man-at-Arms
36:41 Long Swordsman
41:16 Pikeman
42:05 Anarchy
42:12 Anarchy
44:56 Imperial Age
42:55 Chain Mail Armor
42:51 Forging
43:00 Chain Mail Armor
43:53 Chain Mail Armor
45:05 Iron Casting
47:05 Blast Furnace
47:57 Two-Handed Swordsman
49:04 Perfusion
49:34 Conscription
52:19 Crop Rotation
51:39 Town Watch
54:22 Two-Man Saw
54:15 Halberdier
56:45 Blast Furnace
55:45 Bracer
58:21 Champion
64:33 Hand Cart
Connection lost

Rejoining the realm…

Still unreachable

The connection could not be restored.

Session expired

The server has moved on; the page needs a fresh start.